 Dungeon Crawl Stone Soup version 0.28-a0-94-g325244837d (webtiles) character file.

Game seed: 8724250702798293436

76 Leeroy the Skirmisher (level 4, -4/35 HPs)
             Began as a Djinni Warper on Aug 7, 2021.
             Was a Believer of Uskayaw.
             Slain by an ogre (31 damage)
             ... on level 3 of the Dungeon.
             The game lasted 00:02:41 (2848 turns).

Leeroy the Skirmisher (Djinni Warper)               Turns: 2848, Time: 00:02:41

Health: -4/35      AC:  3    Str: 10    XL:     4   Next: 57%
Gold:   59         EV: 11    Int: 15    God:    Uskayaw [**....] SH:  0 Dex: 13

rFire   + + .      SeeInvis .   a - +0 falchion
rCold   x . .      Faith    .   (no shield)
rNeg    . . .      Spirit   .   b - +0 leather armour
rPois   ∞          Reflect  .   (no helmet)
rElec   .          Harm     .   (no cloak)
rCorr   .          Rampage  .   (no gloves)
Will    .....                   (boots unavailable)
Stlth   +.........              (no amulet)
HPRegen 0.11/turn               (no ring)
MPRegen 0.00/turn               (no ring)

@: flying
A: sickness immunity, fire resistance 2, cold vulnerability 1, float, innate
caster, hp casting, extra vitality 1
a: Renounce Religion, Stomp, Line Pass


You were on level 3 of the Dungeon.
You worshipped Uskayaw.
Uskayaw was noncommittal.
You visited 1 branch of the dungeon, and saw 3 of its levels.

You collected 59 gold pieces.

Inventory:

Hand Weapons
 a - a +0 falchion (weapon)
 j - a +1 dagger of venom
Missiles
 d - 5 boomerangs of dispersal (quivered)
 f - 28 poisoned darts
Armour
 b - a +0 leather armour (worn)
 h - a +0 chain mail
Magical Staves
 g - a staff of fire
 l - a staff of poison
Scrolls
 c - a scroll of blinking
 k - a scroll of enchant weapon {unknown}
 m - a scroll of identify {unknown}
Potions
 e - 2 potions of attraction {unknown}
 i - 3 potions of curing {unknown}
 n - a potion of brilliance {unknown}
 o - a potion of haste {unknown}


   Skills:
 + Level 3.5 Fighting
 - Level 3.0 Long Blades
 - Level 0.7 Throwing
 - Level 1.0 Armour
 - Level 2.1 Dodging
 - Level 2.4 Spellcasting


You couldn't memorise any spells.
You knew the following spells:

 Your Spells              Type           Power      Damage    Failure   Level
a - Blink                 Tloc           N/A        N/A       16%         2
b - Lesser Beckoning      Tloc           4%         N/A       32%         3
c - Gell's Gravitas       Tloc           4%         N/A       32%         3
d - Teleport Other        Tloc           9%         N/A       32%         3
e - Manifold Assault      Tloc           9%         N/A       96%         5
f - Pain                  Necr           36%        1d5       11%         1
Your spell library was empty.

Dungeon Overview and Level Annotations

Branches:
Dungeon (3/15)

Altars:
Uskayaw


Innate Abilities, Weirdness & Mutations

You are immune to sickness and miasma.
You are immune to poison.
Your flesh is very heat resistant. (rF++)
You are vulnerable to cold. (rC-)
You float through the air rather than walking.
You learn spells naturally, not from books.
Your magical power is your life essence.
You have superior vitality. (+4 HP)


Message History

An ogre comes into view. It is wielding a +0 giant club.
An ogre is nearby!
The ogre shouts!
Casting: Pain (safe; 11% risk of failure)
Confirm with . or Enter, or press ? or * to list all spells.
Aiming: Pain (safe; 11% risk of failure)
Press: ? - help, Shift-Dir - straight line, f - ogre
Aim: an ogre, wielding a +0 giant club (chance to affect: 60%)
The ogre resists with significant effort.
Casting: Pain (safe; 11% risk of failure)
Confirm with . or Enter, or press ? or * to list all spells.
Aiming: Pain (safe; 11% risk of failure)
Press: ? - help, Shift-Dir - straight line, f/p - ogre
Aim: an ogre, wielding a +0 giant club (chance to affect: 60%)
The ogre writhes in agony.
Casting: Pain (safe; 11% risk of failure)
Confirm with . or Enter, or press ? or * to list all spells.
Aiming: Pain (safe; 11% risk of failure)
Press: ? - help, Shift-Dir - straight line, f/p - ogre
Aim: an ogre, wielding a +0 giant club (lightly wounded, chance to affect: 60%)
The ogre resists with significant effort.
Casting: Pain (safe; 11% risk of failure)
Confirm with . or Enter, or press ? or * to list all spells.
Aiming: Pain (safe; 11% risk of failure)
Press: ? - help, Shift-Dir - straight line, f/p - ogre
Aim: an ogre, wielding a +0 giant club (lightly wounded, chance to affect: 60%)
The ogre writhes in agony.
You hit the ogre.
The ogre is moderately wounded.
An orc comes into view. It is wielding a +0 short sword.
The ogre barely misses you.
You riposte.
The orc shouts!
You hit the ogre.
The ogre is moderately wounded.
You can now pass through a line of other dancers.
You completely miss the ogre.
The ogre is moderately wounded.
The ogre hits you with a +0 giant club!!
Ouch! That really hurt!
You die...

#.# ... #o#
#. ..#
#.#.##.#
#.#.##.#
#.#.#.O#
###.....@####
###
............+
+..
####....####
### #.#.##
#..## ##.#
#.# #+# #.#
#.# #.#
#.#######


You could see an ogre and an orc.

Vanquished Creatures
  3 adders
  A dart slug (D:1)
  2 ball pythons
  3 bats
  5 endoplasms
  A giant cockroach (D:1)
  2 goblins (D:1)
  3 hobgoblins
  7 jackals (D:1)
  4 quokkas
  3 frilled lizards
  4 kobolds
  4 rats (D:1)
42 creatures vanquished.

Notes
Turn   | Place    | Note
-------+----------+-------------------------------------------
     0 | D:1      | Leeroy the Djinni Warper began the quest for the Orb.
     0 | D:1      | Reached XP level 1. HP: 18/18 MP: 0/0
   341 | D:1      | Reached XP level 2. HP: 12/23 MP: 0/0
   664 | D:1      | Reached XP level 3. HP: 6/28 MP: 0/0
   664 | D:1      | Learned a level 1 spell: Pain
  1020 | D:1      | Found a faded altar of an unknown god.
  1043 | D:1      | Became a worshipper of Uskayaw the Reveller
  1043 | D:1      | Reached * piety under Uskayaw
  1321 | D:1      | Reached ** piety under Uskayaw
  1325 | D:1      | Reached *** piety under Uskayaw
  1931 | D:2      | Reached XP level 4. HP: 34/34 MP: 0/0
  2841 | D:3      | Noticed an ogre
  2848 | D:3      | Slain by an ogre

Illustrated notes

Levels and vault maps discovered:
D:1:      evilmike_arrival_home_sweet_home, layout_basic,
          dreamdust_ecumenical_altar_angels_and_demons
D:2:      layout_basic, minmay_misc_feat_square, grunt_ministairs_12
D:3:      layout_loops_corners, elyvilon_altar_5,
          nicolae_sif_muna_little_library,
          nicolae_hepliaklqana_monster_ancestors, serial_shops, shop

Skill      XL: |  1  2  3  4 |
---------------+-------------+-----
Long Blades    | 2 3 |  3.0
Fighting       | 3 |  3.5
Throwing       | |  0.7
Armour         | |  1.0
Dodging        | |  2.1
Spellcasting   | |  2.4

Action                   |  1- 3 |  4- 6 || total
-------------------------+-------+-------++-------
Melee: Falchion          |   110 |    41 ||   151
 Cast: Pain              |     5 |     4 ||     9
 Stab: Paralysed         |     1 |       ||     1
Armor: Leather armour    |    34 |    12 ||    46
Dodge: Dodged            |    90 |    25 ||   115
       Rpst.: Falchion   |    28 |    10 ||    38

Table legend: (Time is in decaauts)
 A = Elapsed time spent in this place.
 B = Non-inter-level travel time spent in this place.
 C = Inter-level travel time spent in this place.
 D = Time resting spent in this place.
 E = Time spent auto-exploring this place.
 F = Levels seen in this place.
 G = Mean time per level.
                   A        B        C        D        E       F      G
               +--------+--------+--------+--------+--------+-----+--------+
         Total |   2871 |   2789 |     82 |    593 |   1874 |   3 |  957.0 |
       Dungeon |   2871 |   2789 |     82 |    593 |   1874 |   3 |  957.0 |
               +--------+--------+--------+--------+--------+-----+--------+

Top non-repeatable levels by time:
     D:1: 1775 daAuts
     D:2: 1026 daAuts
     D:3: 70 daAuts
